 Dungeon Crawl Stone Soup version 0.30.0-10-gfe55d96785 (webtiles) character file.

Game seed: 16028721747252389949

331 sasquatch the Trooper (level 6, 0/67 HPs)
             Began as an Ogre Berserker on May 13, 2023.
             Was a Believer of Trog.
             Slain by Eustachio
             ... wielding a +0 falchion
              (9 damage)
             ... on level 5 of the Dungeon.
             The game lasted 00:04:28 (3865 turns).

sasquatch the Trooper (Ogre Berserker)              Turns: 3865, Time: 00:04:29

Health: 0/67       AC:  3    Str: 24    XL:     6   Next: 52%
Magic:  15/15      EV:  7    Int:  8    God:    Trog [**....]
Gold:   141        SH:  0    Dex:  8    Spells: 5/5 levels left

rFire   + . .        a - +0 hand axe
rCold   . . .        (no shield)
rNeg    . . .        b - +0 animal skin
rPois   .            (helmet restricted)
rElec   .            (no cloak)
rCorr   .            (gloves unavailable)
SInv    .            (boots unavailable)
Will    .....        (no amulet)
Stlth   +            h - ring of magical power
HPRegen 0.31/turn    m - ring of protection from fire
MPRegen 0.14/turn

%: no passive effects
@: mighty, grasped by roots, constricted
A: large, unfitting armour, tough skin 1
a: Renounce Religion, Berserk, Trog's Hand


You were on level 5 of the Dungeon.
You worshipped Trog.
Trog was pleased with you.
You visited 1 branch of the dungeon, and saw 5 of its levels.

You collected 141 gold pieces.

Inventory:

Hand Weapons
 a - a +0 hand axe (weapon)
Missiles
 d - 6 javelins
 e - a large rock (quivered)
 o - 13 poisoned darts
Armour
 b - a +0 animal skin (worn)
Jewellery
 h - a ring of magical power (left hand)
 m - a ring of protection from fire (right hand)
Wands
 n - a wand of charming (2)
Scrolls
 c - a scroll of identify {unknown}
 i - 3 scrolls of enchant weapon {unknown}
 j - a scroll of silence {unknown}
 p - a scroll of noise {unknown}
 q - 4 scrolls of enchant armour {unknown}
Potions
 f - a potion of cancellation {unknown}
 g - 2 potions of curing {unknown}
 k - 2 potions of might
 l - 3 potions of heal wounds {unknown}


   Skills:
 + Level 6.2 Fighting
 * Level 6.1 Axes
 - Level 2.6 Dodging


You had 5 spell levels left.
You didn't know any spells.
Your spell library was empty.

Dungeon Overview and Level Annotations

Branches:
Dungeon (5/15)             Temple (0/1) D:4

Altars:
Dithmenos
Elyvilon
Fedhas
Hepliaklqana
Trog

Shops:
D:4 =

Annotations:
D:5 Eustachio


Innate Abilities, Weirdness & Mutations

You are too large for most types of armour.
You have tough skin. (AC +1)


Message History

You hit the quokka.
You kill the quokka!
The quokka's corpse disappears in a puff of smoke!
Eustachio zaps a wand.
The roots erupt in riotous growth!
The iron imp is unaffected.
The grasping roots grab you! The grasping roots constrict you.
You slash the iron imp!
The iron imp is heavily wounded.
The iron imp disappears in a puff of smoke!
The grasping roots constrict you.
Unknown command.
Throw: 3 large rocks
Press: ? - help, Q - select action, (/) - cycle Shift-Dir - straight line, f/p - Eustachio
Aim: Eustachio, wielding a +0 falchion, wearing a +0 leather armour and carrying a wand of roots (9) (severely wounded, 46% to hit)
You throw a large rock.
The large rock closely misses Eustachio.
The grasping roots constrict you. x2
The grasping roots release their grip on you.
You barely miss Eustachio.
Eustachio is severely wounded.
Eustachio zaps a wand.
The roots erupt in riotous growth!
The grasping roots grab you!
Eustachio is unaffected.
The grasping roots constrict you!
Unknown command.
Throw: 2 large rocks
Press: ? - help, Q - select action, (/) - cycle Shift-Dir - straight line, f/p - Eustachio
Aim: Eustachio, wielding a +0 falchion, wearing a +0 leather armour and carrying a wand of roots (8) (severely wounded, 46% to hit)
You throw a large rock. The large rock hits Eustachio.
Eustachio is severely wounded.
Eustachio barely misses you. The grasping roots constrict you.
* * * LOW HITPOINT WARNING * * *
Eustachio hits you with a +0 falchion.
* * * LOW HITPOINT WARNING * * *
The grasping roots constrict you.
* * * LOW HITPOINT WARNING * * *
It was a potion of might.
You feel very mighty all of a sudden. Eustachio hits you with a +0 falchion!
You die...

...._....
....... .......
..... ♣...♣
♣♣...♣♣ ♣.....♣
#.#.###########
#(....@@......#
#...#########.#
#(.!# .....#
###...# #....
#..## ...


You could see Eustachio.

Vanquished Creatures
  A sky beast (D:4)
  A howler monkey (D:4)
  An iguana (D:3)
  2 hound skeletons (D:3)
  6 adders
  An adder skeleton (D:3)
  2 adder zombies (D:3)
  A worm (D:2)
  8 orcs
  6 endoplasms
  7 hobgoblins
  A jackal (D:1)
  5 kobolds
  6 quokkas
  7 ball pythons
  A ball python zombie (D:3)
  A bat (D:3)
  5 frilled lizards
  8 goblins
  6 rats
76 creatures vanquished.

Notes
Turn   | Place    | Note
-------+----------+-------------------------------------------
     0 | D:1      | sasquatch the Ogre Berserker began the quest for the Orb.
     0 | D:1      | Reached XP level 1. HP: 24/24 MP: 1/1
   430 | D:1      | Reached XP level 2. HP: 26/32 MP: 2/2
  1818 | D:2      | Reached XP level 3. HP: 40/40 MP: 3/3
  2282 | D:3      | Reached ** piety under Trog
  2310 | D:3      | Reached XP level 4. HP: 43/49 MP: 4/4
  2422 | D:3      | Reached skill level 5 in Fighting
  2608 | D:3      | Reached XP level 5. HP: 40/57 MP: 5/5
  2944 | D:4      | Noticed a sky beast
  3037 | D:4      | Reached skill level 5 in Axes
  3084 | D:4      | Found Ypsie's Jewellery Shop.
  3212 | D:4      | Found a hazy altar of Hepliaklqana.
  3212 | D:4      | Found a shadowy altar of Dithmenos.
  3214 | D:4      | Noticed a shadow
  3419 | D:4      | Found a bloodstained altar of Trog.
  3504 | D:4      | Killed a sky beast
  3505 | D:4      | Reached XP level 6. HP: 67/67 MP: 6/6
  3562 | D:4      | Found a staircase to the Ecumenical Temple.
  3591 | D:4      | Found a white marble altar of Elyvilon.
  3834 | D:5      | Entered Level 5 of the Dungeon
  3838 | D:5      | Found a blossoming altar of Fedhas.
  3838 | D:5      | Noticed Eustachio
  3865 | D:5      | Slain by Eustachio

Illustrated notes

Levels and vault maps discovered:
D:1:      dpeg_arrival_round_c, layout_basic
D:2:      layout_basic
D:3:      layout_loops_ring, serial_undead, serial_undead_f, serial_undead_a,
          serial_undead_b, serial_undead_e, st_stairs_9
D:4:      layout_basic, riverfiend_overflow_shadow_ancestor,
          trog_butcher_becter, mainiacjoe_overflow_cross_hatched,
          minmay_temple_entry_arrows, serial_shops, kennysheep_mini
D:5:      layout_loops_ring, nicolae_overflow_hidden_temple,
          fedhas_altar_fruit_tree, uniq_menkaure, uniq_eustachio,
          uniq_crazy_yiuf_cottage

Skill      XL: |  1  2  3  4  5 |
---------------+----------------+-----
Axes           | 4 6 |  6.1
Fighting       | 5 6 |  6.2
Dodging        | |  2.6

Action                     |  1- 3 |  4- 6 || total
---------------------------+-------+-------++-------
  Melee: Hand axe          |   107 |   138 ||   245
         Punch             |     2 |     4 ||     6
  Throw: Large rock        |       |     7 ||     7
 Invoke: Berserk           |       |     1 ||     1
    Use: Potion            |       |     1 ||     1
   Stab: Sleeping          |     1 |       ||     1
 Armour: Animal skin       |    31 |    29 ||    60
  Dodge: Dodged            |    46 |    80 ||   126
